 Dungeon Sprint DCSS version 0.26-a0-651-gb41185065b (webtiles) character file.

Game seed: 11744445733574019228

97242872 sahdkjhfkaj the Genius of the Arcane (level 24, 210/210 HPs)
             Began as a Gnoll Conjurer on Sept 28, 2020.
             Was the Champion of Sif Muna.
             Escaped with the Orb
             ... and 17 runes!
             The game lasted 00:45:09 (18808 turns).

sahdkjhfkaj the Genius of the Arcane (GnCj)        Turns: 18808, Time: 00:45:10

Health: 210/210    AC: 36    Str: 14    XL:     24   Next: 44%
Magic:  54/54      EV: 21    Int: 23    God:    Sif Muna [******]
Gold:   1968       SH: 33    Dex: 15    Spells: 20/77 levels left

rFire    + + .     SeeInvis .     - Unarmed
rCold    . . .     Faith    .   S - +3 tower shield {AC+3}
rNeg     + + .     Spirit   .   a - +3 chain mail {rC+}
rPois    +         Reflect  +   L - +2 helmet
rElec    +         Harm     .   w - +0 cloak
rCorr    .         Rampage  .   x - +1 pair of gloves
MR       ++...     NoTele   +   H - +1 pair of boots
Stlth    +++.......             u - amulet of reflection
HPRegen  0.45/turn              P - ring "Uczinics" {rPois rF+ rN+ MR+ Int-4 Dex+2}
MPRegen  0.34/turn              R - ring of Nugrut {Fire rElec rPois rN+}

@: no status effects
A: distributed training, fangs 1, weak 1, strong nose
0: Orb of Zot
}: 17/17 runes: decaying, serpentine, barnacled, slimy, elven, silver, golden,
iron, obsidian, icy, bone, abyssal, glowing, magical, fiery, dark, gossamer
a: Channel Magic, Forget Spell, Divine Exegesis, Renounce Religion


You escaped.
You worshipped Sif Muna.
Sif Muna was exalted by your worship.
You visited 1 branch You collected 1968 gold pieces.

Inventory:

Armour
 a - a +3 chain mail of cold resistance (worn)
 w - a +0 cloak (worn)
 x - a +1 pair of gloves (worn)
 H - a +1 pair of boots (worn)
 L - a +2 helmet (worn)
 S - a +3 tower shield of protection (worn)
Jewellery
 c - a +6 ring of intelligence
 l - a +2 ring of protection
 m - a +2 ring of evasion
 u - an amulet of reflection (around neck)
 y - an uncursed ring of poison resistance
 z - an uncursed ring of protection from magic
 A - an uncursed ring of protection from cold
 B - an uncursed ring of fire
 D - an uncursed ring of wizardry
 E - a +2 ring of slaying
 F - a +6 ring of strength
 G - an uncursed amulet of regeneration
 M - an uncursed ring of magical power {unknown}
 N - the ring of the Voivode {+Blink Int+3}
   (You found it in the Dungeon)

   [ring of intelligence]

   It affects your intelligence (+3).
   It lets you blink.
 O - the ring of Qukumo Meno {+Inv rCorr Str+3 SInv}
   (You found it in the Dungeon)

   [ring of resist corrosion]

   It affects your strength (+3).
   It lets you see invisible.
   It lets you turn invisible.
   It provides partial protection from all sources of acid and corrosion.
 P - the ring "Uczinics" (left hand) {rPois rF+ rN+ MR+ Int-4 Dex+2}
   (You found it in the Dungeon)

   [ring of poison resistance]

   It affects your intelligence (-4).
   It affects your dexterity (+2).
   It protects you from fire.
   It protects you from poison.
   It protects you from negative energy.
   It affects your resistance to hostile enchantments.
 Q - the ring of Mohafeon {Str+4 Stlth+}
   (You found it in the Dungeon)

   [ring of stealth]

   It affects your strength (+4).
   It makes you more stealthy.
 R - the ring of Nugrut (right hand) {Fire rElec rPois rN+}
   (You found it in the Dungeon)

   [ring of fire]

   It enhances your fire magic.
   It protects you from fire.
   It makes you vulnerable to cold.
   It insulates you from electricity.
   It protects you from poison.
   It protects you from negative energy.
Wands
 j - a wand of iceblast (14)
Scrolls
 g - 11 scrolls of remove curse
 h - 2 scrolls of blinking
 i - 3 scrolls of amnesia
 q - 6 scrolls of fear
 r - 5 scrolls of identify
 s - 4 scrolls of enchant armour
 J - 3 scrolls of enchant weapon
 K - 2 scrolls of fog
Potions
 b - 2 potions of invisibility
 d - 4 potions of curing
 e - 8 potions of haste
 f - 9 potions of magic
 k - 4 potions of stabbing
 n - 5 potions of might
 o - 3 potions of mutation
 p - a potion of berserk rage
 t - a potion of ambrosia
 v - 2 potions of heal wounds
 I - a potion of brilliance
 T - a potion of cancellation {unknown}
Miscellaneous
 C - the horn of Geryon


   Skills:
 O Level 27 Fighting
 O Level 27 Short Blades
 O Level 27 Long Blades
 O Level 27 Axes
 O Level 27 Maces & Flails
 O Level 27 Polearms
 O Level 27 Staves
 O Level 27 Slings
 O Level 27 Bows
 O Level 27 Crossbows
 O Level 27 Throwing
 O Level 27 Armour
 O Level 27 Dodging
 O Level 27 Stealth
 O Level 27 Shields
 O Level 27 Unarmed Combat
 O Level 27 Spellcasting
 O Level 27 Conjurations
 O Level 27 Hexes
 O Level 27 Summonings
 O Level 27 Necromancy
 O Level 27 Translocations
 O Level 27 Transmutations
 O Level 27 Fire Magic
 O Level 27 Ice Magic
 O Level 27 Air Magic
 O Level 27 Earth Magic
 O Level 27 Poison Magic
 O Level 27 Invocations
 O Level 27 Evocations


You had 20 spell levels left.
You knew the following spells:

 Your Spells              Type           Power        Failure   Level
a - Borgnjor's Vile Clut  Necr/Erth      ########..   0%          5
b - Searing Ray           Conj           ######       0%          2
c - Blink                 Tloc           N/A          0%          2
d - Passage of Golubria   Tloc           N/A          0%          4
e - Dispel Undead         Necr           ########     0%          4
f - Freezing Cloud        Conj/Ice/Air   ########..   0%          6
g - Ozocubu's Refrigerat  Ice            ########..   0%          6
h - Ignition              Fire           ########..   1%          8
i - Absolute Zero         Ice            ########..   6%          9
j - Irradiate             Conj/Tmut      ########..   0%          5
S - Statue Form           Tmut/Erth      ########.    0%          6

Your spell library contained the following spells:

 Spells                   Type           Power        Failure   Level
 Animate Skeleton         Necr           ######       0%          1
 Apportation              Tloc           ######       0%          1
 Beastly Appendage        Tmut           ######       0%          1
 Corona                   Hex            #######      0%          1
 Foxfire                  Conj/Fire      ####         0%          1
 Freeze                   Ice            ####         0%          1
 Magic Dart               Conj           ####         0%          1
 Pain                     Necr           ####         0%          1
 Sandblast                Erth           ######       0%          1
 Shock                    Conj/Air       ####         0%          1
 Sting                    Tmut/Pois      ####         0%          1
 Summon Small Mammal      Summ           ####         0%          1
 Call Imp                 Summ           ########     0%          2
 Corpse Rot               Necr/Air       N/A          0%          2
 Ensorcelled Hibernation  Hex/Ice        ######       0%          2
 Passwall                 Tmut/Erth      ########     0%          2
 Poisonous Vapours        Pois/Air       ######       0%          2
 Slow                     Hex            ########     0%          2
 Sublimation of Blood     Necr           ########..   0%          2
 Swiftness                Air            ########     0%          2
 Wereblood                Tmut           ########     0%          2
 Call Canine Familiar     Summ           ########     0%          3
 Confusing Touch          Hex            ########     0%          3
 Conjure Flame            Conj/Fire      ########     0%          3
 Dazzling Flash           Conj/Hex       ######       0%          3
 Frozen Ramparts          Ice            ######       0%          3
 Gell's Gravitas          Tloc           ########..   0%          3
 Ignite Poison            Fire/Tmut/Pois ########     0%          3
 Inner Flame              Hex/Fire       ########     0%          3
 Lesser Beckoning         Tloc           ########..   0%          3
 Mephitic Cloud           Conj/Pois/Air  ########     0%          3
 Ozocubu's Armour         Ice            ########     0%          3
 Portal Projectile        Hex/Tloc       ######       0%          3
 Spider Form              Tmut/Pois      ########..   0%          3
 Static Discharge         Conj/Air       ########     0%          3
 Stone Arrow              Conj/Erth      ######       0%          3
 Summon Guardian Golem    Hex/Summ       ########     0%          3
 Teleport Other           Tloc           ########     0%          3
 Tukima's Dance           Hex            ########     0%          3
 Vampiric Draining        Necr           ########..   0%          3
 Airstrike                Air            ########..   0%          4
 Animate Dead             Necr           ########..   0%          4
 Cause Fear               Hex            ########..   0%          4
 Fulminant Prism          Conj/Hex       ########..   0%          4
 Hailstorm                Conj/Ice       ########     0%          4
 Ice Form                 Ice/Tmut       ########     0%          4
 Iskenderun's Mystic Bla  Conj/Tloc      ########     0%          4
 Leda's Liquefaction      Hex/Erth       ########..   0%          4
 Olgreb's Toxic Radiance  Pois           ########     0%          4
 Petrify                  Tmut/Erth      ########     0%          4
 Sticky Flame             Conj/Fire      ########     0%          4
 Summon Ice Beast         Ice/Summ       ########     0%          4
 Summon Lightning Spire   Summ/Air       ########     0%          4
 Agony                    Necr           ########     0%          5
 Alistair's Intoxication  Tmut/Pois      ########.    0%          5
 Blade Hands              Tmut           ########..   0%          5
 Bolt of Magma            Conj/Fire/Erth ########..   0%          5
 Excruciating Wounds      Necr           ########..   0%          5
 Fireball                 Conj/Fire      ########..   0%          5
 Iskenderun's Battlesphe  Conj           ########     0%          5
 Lee's Rapid Deconstruct  Erth           ########..   0%          5
 Lightning Bolt           Conj/Air       ########..   0%          5
 Metabolic Englaciation   Hex/Ice        ########..   0%          5
 Silence                  Hex/Air        ########..   0%          5
 Summon Demon             Summ           ########..   0%          5
 Summon Forest            Summ/Tloc      ########..   0%          5
 Summon Mana Viper        Hex/Summ       ########     0%          5
 Yara's Violent Unravell  Hex/Tmut       ########..   0%          5
 Conjure Ball Lightning   Conj/Air       ########..   0%          6
 Death Channel            Necr           ########..   0%          6
 Dispersal                Tloc           ########..   0%          6
 Eringya's Noxious Bog    Tmut/Pois      ########..   0%          6
 Hydra Form               Tmut           ########..   0%          6
 Invisibility             Hex            ########     0%          6
 Iron Shot                Conj/Erth      ########..   0%          6
 Shadow Creatures         Summ           N/A          0%          6
 Simulacrum               Ice/Necr       ########..   0%          6
 Starburst                Conj/Fire      ########..   0%          6
 Dragon Form              Tmut           ########..   1%          7
 Haunt                    Necr/Summ      ########..   1%          7
 Malign Gateway           Summ/Tloc      ########..   1%          7
 Monstrous Menagerie      Summ           ########..   1%          7
 Orb of Destruction       Conj           ########..   1%          7
 Spellforged Servitor     Conj/Summ      ########..   1%          7
 Summon Greater Demon     Summ           ########..   1%          7
 Summon Hydra             Summ           ########..   1%          7
 Borgnjor's Revivificati  Necr           ########..   1%          8
 Chain Lightning          Conj/Air       ########..   1%          8
 Discord                  Hex            ########..   1%          8
 Disjunction              Tloc           ########..   1%          8
 Infestation              Necr           ########..   1%          8
 Lehudib's Crystal Spear  Conj/Erth      ########..   1%          8
 Necromutation            Tmut/Necr      ########..   1%          8
 Summon Horrible Things   Summ           ########..   1%          8
 Death's Door             Necr           ########..   6%          9
 Dragon's Call            Summ           ########..   6%          9
 Fire Storm               Conj/Fire      ########..   6%          9
 Shatter                  Erth           ########..   6%          9
 Tornado                  Air            ########..   6%          9


Dungeon Overview and Level Annotations

Branches:
Dungeon (1/1)

Altars:
Cheibriados
Dithmenos
Elyvilon
Fedhas
Gozag
Hepliaklqana
Kikubaaqudgha
Makhleb
Nemelex Xobeh
Okawaru
Qazlal
Ru
Sif Muna
Trog
Uskayaw
Vehumet
Wu Jian
Xom
Yredelemnul
Zin
The Shining One
Beogh
Jiyva
Lugonu

Shops:
D (!}[


Innate Abilities, Weirdness & Mutations

Your experience applies equally to all skills.
You have very sharp teeth.
Your uncanny sense of smell can sniff out nearby items.
You are weak. (Str -2)


Message History

You kill the Orb Guardian!
Sif Muna accepts your kill.
No target in view!
No target in view!
No target in view!
No target in view!
No target in view!
No target in view!
No target in view!
No target in view!
No target in view!
(D) Dungeon
Where to? (Enter - D @ (x,y), ? - help)
There is an open door here.
There is an open door to the Dungeon here.
You see here a cursed -3 club.
Things that are here:
a +0 hand axe; a +0 club
There is a staircase leading out of the dungeon here.
You have escaped!

▓▓▓▓▓▓▓▓▓▓▓▓▓▓▓▓▓▓
...▓...▓...▓...▓@▓
.▓.▓.▓.▓.▓.▓.▓.▓)▓
.▓.▓.▓.▓.▓.▓.▓.▓.▓
.▓.▓.▓.▓.▓.▓.▓.▓.▓
.▓.▓.▓.▓.▓.▓.▓.▓)▓
)▓.▓.▓.▓.▓.▓.▓.▓.▓
.▓.▓.▓.▓.▓.▓.▓.▓.▓
.▓.▓.▓.▓.▓.▓'▓.▓.▓
.▓.▓.▓.▓.▓.▓.▓.▓.▓


There were no monsters in sight!

Vanquished Creatures
  Cerebov (D)
  Antaeus (D)
  Asmodeus (D)
  the Royal Jelly (D)
  Ereshkigal (D)
  Gloorx Vloq (D)
  Mnoleg (D)
  Lom Lobon (D)
  A seraph (D)
  Dispater (D)
  3 orbs of fire (D)
  Mara (D)
  4 ancient liches (D)
  Mennas (D)
  2 pandemonium lords (D)
  Sojobo (D)
  5 greater mummies (D)
  Margery (D)
  Boris (D)
  A curse toe (D)
  5 golden dragons (D)
  Jory (D)
  Geryon (D)
  A bone dragon (D)
  2 electric golems (D)
  Rupert (D)
  8 tentacled monstrosities (D)
  A Hell Sentinel (D)
  34 Orb Guardians (D)
  An Ice Fiend (D)
  4 liches (D)
  3 deep elf master archers (D)
  4 quicksilver dragons (D)
  A titan (D)
  3 deep elf blademasters (D)
  6 acid blobs (D)
  13 sphinxes (D)
  4 death cobs (D)
  7 shadow dragons (D)
  Kirke (D)
  A thorn hunter (D)
  2 tengu reavers (D)
  A draconian monk (D)
  2 warmongers (D)
  4 nagarajas (D)
  Ilsuiw (D)
  3 storm dragons (D)
  4 deep elf sorcerers (D)
  3 fire giants (D)
  8 azure jellies (D)
  A daeva (D)
  2 frost giants (D)
  2 cacodemons (D)
  2 blood saints (D)
  6 emperor scorpions (D)
  2 ghost moths (D)
  Louise (D)
  2 vault wardens (D)
  2 balrugs (D)
  An angel (D)
  2 draconian stormcallers (D)
  2 draconian shifters (D)
  A very ugly thing (D)
  2 ironheart preservers (D)
  A war gargoyle (D)
  A draconian annihilator (D)
  2 stone giants (D)
  An entropy weaver (D)
  4 green draconians (D)
  8 vampire knights (D)
  A deep elf demonologist (D)
  A corrupter (D)
  2 black suns (D)
  2 deep elf annihilators (D)
  4 white draconians (D)
  3 purple draconians (D)
  A spark wasp (D)
  2 yellow draconians (D)
  6 merfolk javelineers (D)
  3 lorocyprocas (D)
  A red draconian (D)
  4 blizzard demons (D)
  5 ettins (D)
  2 green deaths (D)
  A deep elf high priest (D)
  3 fire dragons (D)
  4 death oozes (D)
  3 yaktaur captains (D)
  A great orb of eyes (D)
  5 mummy priests (D)
  Josephine (D)
  2 spriggan air magi (D)
  6 ice dragons (D)
  2 monstrous demonspawn (D)
  A rakshasa (D)
  4 naga warriors (D)
  5 hydras (D)
  5 hell beasts (D)
  An anaconda (D)
  25 vault guards (D)
  An alligator snapping turtle (D)
  3 merfolk avatars (D)
  A merfolk aquamancer (D)
  4 ogre magi (D)
  A tengu warrior (D)
  A satyr (D)
  A deep troll earth mage (D)
  2 shock serpents (D)
  A thrashing horror (D)
  5 sun demons (D)
  A spriggan berserker (D)
  2 soul eaters (D)
  A wretched star (D)
  Nergalle (D)
  3 hell knights (D)
  A deep elf knight (D)
  3 sixfirhies (D)
  3 torturous demonspawn (D)
  A cherub (D)
  A spriggan druid (D)
  2 shadow demons (D)
  An unseen horror (D)
  2 wizards (D)
  2 glowing orange brains (D)
  3 infernal demonspawn (D)
  5 swamp dragons (D)
  A necromancer (D)
  4 ironbrand convokers (D)
  A phantasmal warrior (D)
  A harpy (D)
  8 orc knights (D)
  An orb spider (D)
  6 orc sorcerers (D)
  A deep elf mage (D)
  2 cyclopes (D)
  A manticore (D)
  An ugly thing (D)
  3 wolf spiders (D)
  Joseph (D)
  A merfolk siren (D)
  An elephant (D)
  4 guardian serpents (D)
  3 naga magi (D)
  12 moths of wrath (D)
  2 black mambas (D)
  3 vault sentinels (D)
  A rust devil (D)
  2 orange demons (D)
  A gargoyle (D)
  A smoke demon (D)
  4 cane toads (D)
  An efreet (D)
  A hellion (D)
  2 freezing wraiths (D)
  A kobold demonologist (D)
  2 komodo dragons (D)
  A yaktaur (D)
  An ice devil (D)
  18 guardian mummies (D)
  An ancient zyme (D)
  2 small abominations (D)
  A wandering mushroom (D)
  6 merfolk (D)
  3 red devils (D)
  A polar bear (D)
  2 trolls (D)
  4 jumping spiders (D)
  A tyrant leech (D)
  2 bog bodies (D)
  2 hornets (D)
  4 blink frogs (D)
  2 slime creatures (D)
  3 starcursed masses (D)
  5 redbacks (D)
  11 spriggans (D)
  5 hogs (D)
  A ynoxinul (D)
  A shadow (D)
  3 yaks (D)
  5 golden eyes (D)
  4 wraiths (D)
  Eustachio (D)
  2 vampire mosquitoes (D)
  Grum (D)
  4 chaos spawn (D)
  2 nagas (D)
  5 large abominations (D)
  A naga (shapeshifter) (D)
  2 water moccasins (D)
  5 hell hounds (D)
  2 soldier ants (D)
  A porcupine (D)
  A floating eye (shapeshifter) (D)
  3 acid dragons (D)
  8 orc warriors (D)
  2 sky beasts (D)
  An eye of draining (D)
  4 swamp drakes (D)
  3 crocodiles (D)
  4 wolves (D)
  7 bullfrogs (D)
  An orc priest (D)
  2 jellies (D)
  An iron imp (D)
  2 iguanas (D)
  12 orc wizards (D)
  An adder (D)
  An adder skeleton (D)
  A leopard gecko (D)
  8 orcs (D)
  A hobgoblin (D)
  3 jackals (D)
  A kobold (D)
  A quokka skeleton (D)
  A rat (D)
  9 blocks of ice (D)
  A briar patch (D)
  3 crawling corpses (D)
633 creatures vanquished.

Vanquished Creatures (others)
  A tengu reaver (D)
  A slime creature (D)
  A human (D)
  3 ball lightnings (D)
  17 blocks of ice (D)
23 creatures vanquished.

Grand Total: 656 creatures vanquished

Notes
Turn   | Place    | Note
-------+----------+-------------------------------------------
     0 | D        | sahdkjhfkaj the Gnoll Conjurer began the quest for the Orb.
     0 | D        | Reached XP level 1. HP: 13/13 MP: 6/6
     8 | D        | Reached skill level 5 in Spellcasting
    13 | D        | Reached skill level 1 in Invocations
    24 | D        | Reached skill level 1 in Fighting
    24 | D        | Reached skill level 1 in Short Blades
    24 | D        | Reached skill level 1 in Long Blades
    24 | D        | Reached skill level 1 in Axes
    24 | D        | Reached skill level 1 in Maces & Flails
    24 | D        | Reached skill level 1 in Polearms
    24 | D        | Reached skill level 1 in Staves
    24 | D        | Reached skill level 1 in Slings
    24 | D        | Reached skill level 1 in Bows
    24 | D        | Reached skill level 1 in Crossbows
    24 | D        | Reached skill level 1 in Throwing
    24 | D        | Reached skill level 1 in Armour
    24 | D        | Reached skill level 1 in Shields
    24 | D        | Reached skill level 1 in Unarmed Combat
    24 | D        | Reached skill level 1 in Evocations
   160 | D        | Noticed an iguana
   163 | D        | Reached XP level 2. HP: 20/21 MP: 4/8
   179 | D        | HP: 1/21 [iguana (11)]
   183 | D        | Reached skill level 5 in Dodging
   183 | D        | Reached skill level 1 in Hexes
   183 | D        | Reached skill level 1 in Summonings
   183 | D        | Reached skill level 1 in Necromancy
   183 | D        | Reached skill level 1 in Translocations
   183 | D        | Reached skill level 1 in Transmutations
   183 | D        | Reached skill level 1 in Fire Magic
   183 | D        | Reached skill level 1 in Ice Magic
   183 | D        | Reached skill level 1 in Air Magic
   183 | D        | Reached skill level 1 in Earth Magic
   183 | D        | Reached skill level 1 in Poison Magic
   183 | D        | Reached XP level 3. HP: 27/27 MP: 0/9
   247 | D        | Learned a level 2 spell: Searing Ray
   262 | D        | Found a roughly hewn altar of Beogh.
   262 | D        | Found a snail-covered altar of Cheibriados.
   262 | D        | Found a shadowy altar of Dithmenos.
   262 | D        | Found a white marble altar of Elyvilon.
   262 | D        | Found a blossoming altar of Fedhas.
   262 | D        | Found an opulent altar of Gozag.
   263 | D        | Found a hazy altar of Hepliaklqana.
   264 | D        | Found a viscous altar of Jiyva.
   265 | D        | Found an ancient bone altar of Kikubaaqudgha.
   266 | D        | Found a corrupted altar of Lugonu.
   267 | D        | Found a burning altar of Makhleb.
   268 | D        | Found a sparkling altar of Nemelex Xobeh.
   269 | D        | Found an iron altar of Okawaru.
   270 | D        | Found a stormy altar of Qazlal.
   271 | D        | Found a sacrificial altar of Ru.
   272 | D        | Found a shimmering blue altar of Sif Muna.
   273 | D        | Found a bloodstained altar of Trog.
   274 | D        | Found a hide-covered altar of Uskayaw.
   275 | D        | Found a radiant altar of Vehumet.
   276 | D        | Found an ornate altar of the Wu Jian Council.
   277 | D        | Found a shimmering altar of Xom.
   278 | D        | Found a basalt altar of Yredelemnul.
   279 | D        | Found a glowing silver altar of Zin.
   280 | D        | Became a worshipper of Sif Muna the Loreminder
   281 | D        | Found a glowing golden altar of the Shining One.
   312 | D        | Noticed a sky beast
   312 | D        | Noticed a hornet
   312 | D        | Noticed a sky beast
   312 | D        | Noticed a troll
   312 | D        | Noticed a troll
   317 | D        | Killed a sky beast
   317 | D        | Reached skill level 5 in Stealth
   317 | D        | Reached XP level 4. HP: 18/35 MP: 2/12
   317 | D        | Reached XP level 5. HP: 22/41 MP: 2/13
   318 | D        | Killed a sky beast
   318 | D        | Reached * piety under Sif Muna
   318 | D        | Reached XP level 6. HP: 25/48 MP: 2/15
   319 | D        | Killed a troll
   319 | D        | Reached skill level 5 in Fighting
   319 | D        | Reached skill level 5 in Short Blades
   319 | D        | Reached skill level 5 in Long Blades
   319 | D        | Reached skill level 5 in Axes
   319 | D        | Reached skill level 5 in Maces & Flails
   319 | D        | Reached skill level 5 in Polearms
   319 | D        | Reached skill level 5 in Staves
   319 | D        | Reached skill level 5 in Slings
   319 | D        | Reached skill level 5 in Bows
   319 | D        | Reached skill level 5 in Crossbows
   319 | D        | Reached skill level 5 in Throwing
   319 | D        | Reached skill level 5 in Armour
   319 | D        | Reached skill level 5 in Shields
   319 | D        | Reached skill level 5 in Unarmed Combat
   319 | D        | Reached skill level 5 in Invocations
   319 | D        | Reached skill level 5 in Evocations
   319 | D        | Reached XP level 7. HP: 30/56 MP: 1/17
   319 | D        | Paralysed by a hornet for 1 turns
   536 | D        | Killed a hornet
   785 | D        | Killed a troll
   785 | D        | Reached ** piety under Sif Muna
   785 | D        | Reached skill level 5 in Hexes
   785 | D        | Reached skill level 5 in Summonings
   785 | D        | Reached skill level 5 in Necromancy
   785 | D        | Reached skill level 5 in Translocations
   785 | D        | Reached skill level 5 in Transmutations
   785 | D        | Reached skill level 5 in Fire Magic
   785 | D        | Reached skill level 5 in Ice Magic
   785 | D        | Reached skill level 5 in Air Magic
   785 | D        | Reached skill level 5 in Earth Magic
   785 | D        | Reached skill level 5 in Poison Magic
   785 | D        | Reached XP level 8. HP: 44/64 MP: 11/19
   904 | D        | Noticed a cyclops
   909 | D        | Reached *** piety under Sif Muna
   920 | D        | Killed a cyclops
  1127 | D        | Noticed a komodo dragon
  1127 | D        | Noticed a yak
  1127 | D        | Noticed a yak
  1128 | D        | Noticed a komodo dragon
  1133 | D        | Noticed a yak
  1134 | D        | Reached **** piety under Sif Muna
  1134 | D        | Reached XP level 9. HP: 56/72 MP: 14/21
  1135 | D        | Killed a komodo dragon
  1217 | D        | Killed a komodo dragon
  1217 | D        | Reached ***** piety under Sif Muna
  1217 | D        | Identified Sif Muna's Handbook of Darkness (Sif Muna gifted
                  | it to you in the Dungeon)
  1217 | D        | Received a gift from Sif Muna
  1225 | D        | Learned a level 5 spell: Borgnjor's Vile Clutch
  1372 | D        | Noticed a polar bear
  1372 | D        | Noticed a cane toad
  1372 | D        | Noticed an elephant
  1376 | D        | Killed a cane toad
  1377 | D        | Killed a polar bear
  1377 | D        | Reached skill level 10 in Conjurations
  1377 | D        | Reached XP level 10. HP: 82/82 MP: 13/23
  1380 | D        | Killed an elephant
  1382 | D        | Identified Sif Muna's Incunabulum of the Doomed Rocks (Sif
                  | Muna gifted it to you in the Dungeon)
  1382 | D        | Received a gift from Sif Muna
  1382 | D        | Reached skill level 10 in Spellcasting
  1383 | D        | Noticed a cane toad
  1518 | D        | Learned a level 6 spell: Statue Form
  1523 | D        | Killed a cane toad
  1581 | D        | Noticed a cane toad
  1584 | D        | Reached skill level 10 in Dodging
  1586 | D        | Killed a cane toad
  1586 | D        | Reached skill level 10 in Stealth
  1665 | D        | Reached skill level 10 in Invocations
  1668 | D        | Identified Maoqoi's Catalogue of Hurtful Ice (Sif Muna
                  | gifted it to you in the Dungeon)
  1668 | D        | Received a gift from Sif Muna
  1821 | D        | Noticed Josephine
  1831 | D        | Killed Josephine
  1831 | D        | Reached XP level 11. HP: 60/90 MP: 12/25
  2111 | D        | Identified Sif Muna's Advanced Guide to Witchcraft (Sif
                  | Muna gifted it to you in the Dungeon)
  2111 | D        | Received a gift from Sif Muna
  2128 | D        | Identified Sif Muna's Reference Book on Flying Execration
                  | (Sif Muna gifted it to you in the Dungeon)
  2128 | D        | Received a gift from Sif Muna
  2492 | D        | Noticed an orc knight
  2492 | D        | Noticed an orc knight
  2492 | D        | Noticed an orc knight
  2499 | D        | Killed an orc knight
  2499 | D        | Killed an orc knight
  2499 | D        | Reached skill level 10 in Fighting
  2499 | D        | Reached skill level 10 in Short Blades
  2499 | D        | Reached skill level 10 in Long Blades
  2499 | D        | Reached skill level 10 in Axes
  2499 | D        | Reached skill level 10 in Maces & Flails
  2499 | D        | Reached skill level 10 in Polearms
  2499 | D        | Reached skill level 10 in Staves
  2499 | D        | Reached skill level 10 in Slings
  2499 | D        | Reached skill level 10 in Bows
  2499 | D        | Reached skill level 10 in Crossbows
  2499 | D        | Reached skill level 10 in Throwing
  2499 | D        | Reached skill level 10 in Armour
  2499 | D        | Reached skill level 10 in Shields
  2499 | D        | Reached skill level 10 in Unarmed Combat
  2499 | D        | Reached skill level 10 in Evocations
  2500 | D        | Killed an orc knight
  2500 | D        | Noticed an orc knight
  2509 | D        | Reached ****** piety under Sif Muna
  2594 | D        | Identified Sif Muna's Disquisition on the Hurtful Traveller
                  | (Sif Muna gifted it to you in the Dungeon)
  2594 | D        | Received a gift from Sif Muna
  2630 | D        | Learned a level 2 spell: Blink
  2635 | D        | Learned a level 4 spell: Passage of Golubria
  2654 | D        | Killed an orc knight
  2677 | D        | Noticed an orc knight
  2738 | D        | Killed an orc knight
  3095 | D        | Found Jiyfurew's Weapon Emporium.
  3095 | D        | Noticed an orc sorcerer
  3095 | D        | Noticed an orc sorcerer
  3099 | D        | Killed an orc sorcerer
  3099 | D        | Killed an orc sorcerer
  3099 | D        | Received a gift from Sif Muna
  3099 | D        | Noticed an orc sorcerer
  3107 | D        | Noticed an orc sorcerer
  3110 | D        | Killed an orc sorcerer
  3111 | D        | Killed an orc sorcerer
  3194 | D        | Found Pyunaxu's Distillery.
  3198 | D        | Found Oxycir's Gadget Emporium.
  3202 | D        | Found Jeurchuon's Antique Armour Shoppe.
  3207 | D        | Noticed an orc sorcerer
  3208 | D        | Noticed an orc sorcerer
  3213 | D        | Killed an orc sorcerer
  3214 | D        | Killed an orc sorcerer
  3352 | D        | Noticed Joseph
  3363 | D        | Killed Joseph
  3427 | D        | Noticed Grum
  3430 | D        | Identified Sif Muna's Handbook of the Compass and Calling
                  | (Sif Muna gifted it to you in the Dungeon)
  3430 | D        | Received a gift from Sif Muna
  3431 | D        | Killed Grum
  3431 | D        | Reached XP level 12. HP: 100/100 MP: 18/27
  3528 | D        | Learned a level 4 spell: Dispel Undead
  3637 | D        | Noticed an ettin
  3642 | D        | Identified Sif Muna's Tome of Translocation (Sif Muna
                  | gifted it to you in the Dungeon)
  3642 | D        | Received a gift from Sif Muna
  3643 | D        | Noticed an ogre mage
  3645 | D        | Noticed an ettin
  3649 | D        | Killed an ettin
  3651 | D        | Noticed an ettin
  3653 | D        | Killed an ettin
  3659 | D        | Killed an ogre mage
  3659 | D        | Identified Sif Muna's Collected Works on Unstable Feathers
                  | (Sif Muna gifted it to you in the Dungeon)
  3659 | D        | Received a gift from Sif Muna
  3663 | D        | Killed an ettin
  3663 | D        | Reached skill level 10 in Hexes
  3663 | D        | Reached skill level 10 in Summonings
  3663 | D        | Reached skill level 10 in Necromancy
  3663 | D        | Reached skill level 10 in Translocations
  3663 | D        | Reached skill level 10 in Transmutations
  3663 | D        | Reached skill level 10 in Fire Magic
  3663 | D        | Reached skill level 10 in Ice Magic
  3663 | D        | Reached skill level 10 in Air Magic
  3663 | D        | Reached skill level 10 in Earth Magic
  3663 | D        | Reached skill level 10 in Poison Magic
  3909 | D        | Noticed Eustachio
  3910 | D        | Noticed Rupert
  3924 | D        | Killed Rupert
  3929 | D        | Killed Eustachio
  4086 | D        | Noticed a satyr
  4087 | D        | Noticed an alligator snapping turtle
  4090 | D        | Identified Sif Muna's Grimoire of Evil Rituals and Stones
                  | (Sif Muna gifted it to you in the Dungeon)
  4090 | D        | Received a gift from Sif Muna
  4092 | D        | Killed a satyr
  4285 | D        | Reached XP level 13. HP: 88/108 MP: 20/30
  4600 | D        | Identified Sif Muna's Volume of Attacks (Sif Muna gifted it
                  | to you in the Dungeon)
  4600 | D        | Received a gift from Sif Muna
  4614 | D        | Identified Qaonaqud's Grimoire of Ashen Envenoming (Sif
                  | Muna gifted it to you in the Dungeon)
  4614 | D        | Received a gift from Sif Muna
  4626 | D        | Learned a level 6 spell: Freezing Cloud
  4669 | D        | Noticed a thorn hunter
  4677 | D        | Killed a thorn hunter
  4823 | D        | Identified Zeif's Volume of Evil Transformation (Sif Muna
                  | gifted it to you in the Dungeon)
  4823 | D        | Received a gift from Sif Muna
  4874 | D        | Noticed an entropy weaver
  4883 | D        | Killed an entropy weaver
  4883 | D        | Identified Plog's Papyrus of Bewitching Cold (Sif Muna
                  | gifted it to you in the Dungeon)
  4883 | D        | Received a gift from Sif Muna
  5021 | D        | Noticed Kirke
  5031 | D        | Killed Kirke
  5141 | D        | Noticed an ettin
  5141 | D        | Noticed an ettin
  5141 | D        | Noticed a rakshasa
  5141 | D        | Noticed a yaktaur captain
  5141 | D        | Noticed a fire dragon
  5141 | D        | Noticed a fire giant
  5147 | D        | Killed a yaktaur captain
  5148 | D        | Killed an ettin
  5148 | D        | Killed an ettin
  5148 | D        | Received a gift from Sif Muna
  5149 | D        | Killed a rakshasa
  5149 | D        | Reached XP level 14. HP: 61/119 MP: 11/32
  5243 | D        | Killed a fire giant
  5243 | D        | Reached skill level 15 in Invocations
  5288 | D        | Received a gift from Sif Muna
  5440 | D        | Noticed a frost giant
  5796 | D        | Killed a frost giant
  5960 | D        | Reached skill level 15 in Spellcasting
  6016 | D        | Identified Kunkaokh's Handbook of Shifting Attacks (Sif
                  | Muna gifted it to you in the Dungeon)
  6016 | D        | Received a gift from Sif Muna
  6024 | D        | Noticed a fire giant
  6031 | D        | Killed a fire giant
  6031 | D        | Reached skill level 15 in Dodging
  6103 | D        | Noticed a vault warden
  6107 | D        | Reached skill level 15 in Stealth
  6110 | D        | Killed a vault warden
  6118 | D        | Identified Sif Muna's Grimoire of Mutagenic Enchantment
                  | (Sif Muna gifted it to you in the Dungeon)
  6118 | D        | Received a gift from Sif Muna
  6130 | D        | Noticed a stone giant
  6132 | D        | Identified Sif Muna's Collected Works on Supportive
                  | Transmutation (Sif Muna gifted it to you in the Dungeon)
  6132 | D        | Received a gift from Sif Muna
  6136 | D        | Noticed an ironheart preserver
  6136 | D        | Noticed a stone giant
  6140 | D        | Noticed an ironheart preserver
  6141 | D        | Killed an ironheart preserver
  6142 | D        | Noticed a storm dragon
  6142 | D        | Reached skill level 15 in Fighting
  6142 | D        | Reached skill level 15 in Short Blades
  6142 | D        | Reached skill level 15 in Long Blades
  6142 | D        | Reached skill level 15 in Axes
  6142 | D        | Reached skill level 15 in Maces & Flails
  6142 | D        | Reached skill level 15 in Polearms
  6142 | D        | Reached skill level 15 in Staves
  6142 | D        | Reached skill level 15 in Slings
  6142 | D        | Reached skill level 15 in Bows
  6142 | D        | Reached skill level 15 in Crossbows
  6142 | D        | Reached skill level 15 in Throwing
  6142 | D        | Reached skill level 15 in Armour
  6142 | D        | Reached skill level 15 in Shields
  6142 | D        | Reached skill level 15 in Unarmed Combat
  6142 | D        | Reached skill level 15 in Evocations
  6143 | D        | Killed a stone giant
  6152 | D        | Killed a stone giant
  6154 | D        | Killed an ironheart preserver
  6154 | D        | Killed a storm dragon
  6154 | D        | Identified Sif Muna's Sophisticated Rites and Rhymes (Sif
                  | Muna gifted it to you in the Dungeon)
  6154 | D        | Received a gift from Sif Muna
  6154 | D        | Reached XP level 15. HP: 41/129 MP: 1/34
  6479 | D        | Learned a level 6 spell: Ozocubu's Refrigeration
  8030 | D        | Noticed Louise
  8037 | D        | Killed Louise
  8222 | D        | Noticed Boris
  8231 | D        | Killed Boris
  8332 | D        | Noticed Nergalle
  8336 | D        | Killed Nergalle
  8445 | D        | Identified Sif Muna's Collected Works on Curses (Sif Muna
                  | gifted it to you in the Dungeon)
  8445 | D        | Received a gift from Sif Muna
  8540 | D        | Reached skill level 15 in Conjurations
  8541 | D        | Identified Sif Muna's Guide on Unholy Secrets and the Oath
                  | (Sif Muna gifted it to you in the Dungeon)
  8541 | D        | Received a gift from Sif Muna
  8556 | D        | Got a decaying rune of Zot
  8756 | D        | Noticed a nagaraja
  8757 | D        | Noticed a nagaraja
  8761 | D        | Killed a nagaraja
  8767 | D        | Killed a nagaraja
  8767 | D        | Received a gift from Sif Muna
  8767 | D        | Noticed a nagaraja
  8770 | D        | Noticed a nagaraja
  8776 | D        | Killed a nagaraja
  8783 | D        | Killed a nagaraja
  8894 | D        | Got a serpentine rune of Zot
  8932 | D        | Noticed Ilsuiw
  8937 | D        | Identified Nery's Grimoire of Harmful Translocation (Sif
                  | Muna gifted it to you in the Dungeon)
  8937 | D        | Received a gift from Sif Muna
  8941 | D        | Killed Ilsuiw
  8945 | D        | Identified Anisuppay's Grimoire of the Mountains and the
                  | Blaze (Sif Muna gifted it to you in the Dungeon)
  8945 | D        | Received a gift from Sif Muna
  8954 | D        | Reached XP level 16. HP: 140/140 MP: 3/37
  9086 | D        | Got a barnacled rune of Zot
  9118 | D        | Identified Sif Muna's Grimoire of Black Magic and Creation
                  | (Sif Muna gifted it to you in the Dungeon)
  9118 | D        | Received a gift from Sif Muna
  9144 | D        | Identified Sif Muna's Guide on Fiery Translocation (Sif
                  | Muna gifted it to you in the Dungeon)
  9144 | D        | Received a gift from Sif Muna
  9149 | D        | Got a gossamer rune of Zot
  9317 | D        | Noticed Mennas
  9329 | D        | Killed Mennas
  9329 | D        | Reached skill level 15 in Hexes
  9329 | D        | Reached skill level 15 in Summonings
  9329 | D        | Reached skill level 15 in Necromancy
  9329 | D        | Reached skill level 15 in Translocations
  9329 | D        | Reached skill level 15 in Transmutations
  9329 | D        | Reached skill level 15 in Fire Magic
  9329 | D        | Reached skill level 15 in Ice Magic
  9329 | D        | Reached skill level 15 in Air Magic
  9329 | D        | Reached skill level 15 in Earth Magic
  9329 | D        | Reached skill level 15 in Poison Magic
  9454 | D        | Received a gift from Sif Muna
  9571 | D        | Received a gift from Sif Muna
  9665 | D        | Identified Sif Muna's Volume of Slavery and Ignition (Sif
                  | Muna gifted it to you in the Dungeon)
  9665 | D        | Received a gift from Sif Muna
  9730 | D        | Learned a level 8 spell: Ignition
  9747 | D        | Noticed a tengu reaver
  9747 | D        | Noticed a tentacled monstrosity
  9748 | D        | Identified the +1 hunting sling of Eternity {venom, Str+2}
  9750 | D        | Killed a tengu reaver
  9755 | D        | Killed a tentacled monstrosity
  9755 | D        | Identified Sif Muna's Tome of the Sinister Snowflakes (Sif
                  | Muna gifted it to you in the Dungeon)
  9755 | D        | Received a gift from Sif Muna
  9755 | D        | Reached XP level 17. HP: 151/151 MP: 3/40
  9768 | D        | Noticed a greater mummy
  9768 | D        | Noticed a curse toe
  9776 | D        | Identified Sif Muna's Reference Book on Black Arts (Sif
                  | Muna gifted it to you in the Dungeon)
  9776 | D        | Received a gift from Sif Muna
  9780 | D        | Killed a greater mummy
  9783 | D        | Killed a curse toe
  9803 | D        | Learned a level 9 spell: Absolute Zero
 10029 | D        | Noticed an ancient lich
 10030 | D        | Noticed a titan
 10033 | D        | Noticed an Executioner
 10034 | D        | Received a gift from Sif Muna
 10034 | D        | Killed an ancient lich
 10037 | D        | Noticed a quicksilver dragon
 10041 | D        | Killed a quicksilver dragon
 10042 | D        | Killed a titan
 10255 | D        | Got a silver rune of Zot
 10305 | D        | Noticed Margery
 10309 | D        | Received a gift from Sif Muna
 10311 | D        | Noticed Jory
 10312 | D        | Killed Margery
 10318 | D        | Killed Jory
 10546 | D        | Got the ring of the Voivode {+Blink Int+3}
 10548 | D        | Got the ring of Qukumo Meno {+Inv rCorr Str+3 SInv}
 10550 | D        | Got the ring "Uczinics" {rPois rF+ rN+ MR+ Int-4 Dex+2}
 10552 | D        | Got the ring of Mohafeon {Str+4 Stlth+}
 10554 | D        | Got the ring of Nugrut {Fire rElec rPois rN+}
 10653 | D        | Noticed Mara
 10660 | D        | Noticed sahdkjhfkaj's illusion
 10663 | D        | Killed Mara
 10663 | D        | Reached XP level 18. HP: 164/164 MP: 5/42
 10718 | D        | Noticed Sojobo
 10730 | D        | Killed Sojobo
 11219 | D        | Noticed a bone dragon
 11228 | D        | Killed a bone dragon
 11344 | D        | Noticed a tentacled monstrosity
 11344 | D        | Noticed a tentacled monstrosity
 11350 | D        | Killed a tentacled monstrosity
 11355 | D        | Killed a tentacled monstrosity
 11583 | D        | Noticed a tentacled monstrosity
 11588 | D        | Killed a tentacled monstrosity
 11741 | D        | Noticed a tentacled monstrosity
 11741 | D        | Noticed a tentacled monstrosity
 11746 | D        | Killed a tentacled monstrosity
 11746 | D        | Reached XP level 19. HP: 174/174 MP: 11/45
 11747 | D        | Killed a tentacled monstrosity
 11780 | D        | Learned a level 5 spell: Irradiate
 11892 | D        | Noticed a tentacled monstrosity
 11895 | D        | Noticed a golden dragon
 11905 | D        | Killed a golden dragon
 11907 | D        | Killed a tentacled monstrosity
 12288 | D        | Noticed a golden dragon
 12294 | D        | Killed a golden dragon
 12400 | D        | Noticed an ancient lich
 12404 | D        | Killed an ancient lich
 12469 | D        | Noticed an orb of fire
 12470 | D        | Killed an orb of fire
 12470 | D        | Reached XP level 20. HP: 188/188 MP: 32/48
 12472 | D        | Noticed an electric golem
 12480 | D        | Killed an electric golem
 12572 | D        | Noticed a golden dragon
 12572 | D        | Noticed a golden dragon
 12572 | D        | Noticed an electric golem
 12573 | D        | Noticed an orb of fire
 12576 | D        | Noticed an orb of fire
 12577 | D        | Killed a golden dragon
 12578 | D        | Killed a golden dragon
 12580 | D        | Gained mutation: You are weak. (Str -2) [an orb of fire]
 12581 | D        | Killed an orb of fire
 12583 | D        | Killed an orb of fire
 12586 | D        | Noticed an ancient lich
 12594 | D        | Noticed a Tzitzimitl
 12595 | D        | Noticed a golden dragon
 12603 | D        | Killed an electric golem
 12606 | D        | Killed an ancient lich
 12608 | D        | Killed a golden dragon
 12808 | D        | Reached skill level 27 in Invocations
 12819 | D        | Reached XP level 21. HP: 182/182 MP: 3/50
 13024 | D        | Paralysed by a lich for 3 turns
 13026 | D        | Noticed an ancient lich
 13034 | D        | Killed an ancient lich
 13413 | D        | Got an elven rune of Zot
 13441 | D        | Reached skill level 27 in Spellcasting
 13442 | D        | Reached skill level 27 in Dodging
 13444 | D        | Reached skill level 27 in Stealth
 13448 | D        | Noticed the Royal Jelly
 13449 | D        | Killed the Royal Jelly
 13449 | D        | Reached skill level 27 in Fighting
 13449 | D        | Reached skill level 27 in Short Blades
 13449 | D        | Reached skill level 27 in Long Blades
 13449 | D        | Reached skill level 27 in Axes
 13449 | D        | Reached skill level 27 in Maces & Flails
 13449 | D        | Reached skill level 27 in Polearms
 13449 | D        | Reached skill level 27 in Staves
 13449 | D        | Reached skill level 27 in Slings
 13449 | D        | Reached skill level 27 in Bows
 13449 | D        | Reached skill level 27 in Crossbows
 13449 | D        | Reached skill level 27 in Throwing
 13449 | D        | Reached skill level 27 in Armour
 13449 | D        | Reached skill level 27 in Shields
 13449 | D        | Reached skill level 27 in Unarmed Combat
 13449 | D        | Reached skill level 27 in Evocations
 13578 | D        | Got a slimy rune of Zot
 13670 | D        | Reached XP level 22. HP: 195/195 MP: 31/53
 13682 | D        | Paralysed by a sphinx for 6 turns
 14159 | D        | Noticed a greater mummy
 14159 | D        | Noticed a greater mummy
 14159 | D        | Noticed a greater mummy
 14160 | D        | Noticed a greater mummy
 14163 | D        | Killed a greater mummy
 14164 | D        | Killed a greater mummy
 14164 | D        | Killed a greater mummy
 14165 | D        | Killed a greater mummy
 14684 | D        | Got a golden rune of Zot
 14708 | D        | Got an abyssal rune of Zot
 14919 | D        | Noticed Geryon
 14920 | D        | Killed Geryon
 14920 | D        | Reached skill level 27 in Conjurations
 14951 | D        | Identified the +6 sword of Cerebov {flame}
 14951 | D        | Noticed Cerebov
 14951 | D        | Noticed Mnoleg
 14952 | D        | Killed Cerebov
 14952 | D        | Reached skill level 27 in Hexes
 14952 | D        | Reached skill level 27 in Summonings
 14952 | D        | Reached skill level 27 in Necromancy
 14952 | D        | Reached skill level 27 in Translocations
 14952 | D        | Reached skill level 27 in Transmutations
 14952 | D        | Reached skill level 27 in Fire Magic
 14952 | D        | Reached skill level 27 in Ice Magic
 14952 | D        | Reached skill level 27 in Air Magic
 14952 | D        | Reached skill level 27 in Earth Magic
 14952 | D        | Reached skill level 27 in Poison Magic
 14952 | D        | Noticed Gloorx Vloq
 14955 | D        | Killed Mnoleg
 14956 | D        | Noticed Ereshkigal
 14965 | D        | Killed Gloorx Vloq
 14965 | D        | Reached XP level 23. HP: 172/202 MP: 14/54
 14971 | D        | Paralysed by Ereshkigal for 4 turns
 14973 | D        | Identified the +4 staff of Dispater
 14973 | D        | Noticed Dispater
 15012 | D        | Killed Ereshkigal
 15013 | D        | Killed Dispater
 15421 | D        | Got a fiery rune of Zot
 15428 | D        | Got a glowing rune of Zot
 15432 | D        | Got a dark rune of Zot
 15434 | D        | Identified the +7 sceptre of Asmodeus
 15434 | D        | Noticed Asmodeus
 15436 | D        | Killed Asmodeus
 15437 | D        | Noticed Antaeus
 15438 | D        | Noticed Lom Lobon
 15440 | D        | Killed Antaeus
 15446 | D        | Killed Lom Lobon
 15448 | D        | Got an obsidian rune of Zot
 15453 | D        | Got an icy rune of Zot
 15457 | D        | Got a magical rune of Zot
 15467 | D        | Got an iron rune of Zot
 15471 | D        | Got a bone rune of Zot
 15888 | D        | Got the Orb of Zot
 17473 | D        | Noticed a seraph
 17480 | D        | Killed a seraph
 17489 | D        | Reached XP level 24. HP: 210/210 MP: 34/54
 17539 | D        | Noticed Bocvysor the pandemonium lord
 17543 | D        | Killed Bocvysor the pandemonium lord
 18701 | D        | Noticed Etibla the pandemonium lord
 18703 | D        | Killed Etibla the pandemonium lord
 18808 | D        | Escaped with the Orb!

Illustrated notes

Levels and vault maps discovered:
D:        linesprint [early_d, line_temple, items_1, d_10, items_2, lair_1,
          lair_end, items_3, orc_1, orc_end, items_4, d_15, swamp_1, shoals_1,
          snake_1, spider_1, d_20, vaults_1, items_5, swamp_end, shoals_end,
          snake_end, spider_end, vaults_end, d_27, items_6, zot_1, zot_end,
          crypt_end, forest_end, elf_end, slime_end, tomb_end, abyss_end,
          pan_hell_end]

Skill      XL: |  1  2  3  4  5  6  7  8  9 10 11 12 13 14 15 16 17 18 19 20 21 22 |
---------------+-------------------------------------------------------------------+-----
Spellcasting   | 5 6 7 8 9 10 11 13 14 15 17 19 20 22 24 25 27 | 27.0
Invocations    | 1 2 3 4 5 6 7 9 10 11 13 14 16 18 20 21 23 25 27 | 27.0
Fighting       | 1 3 4 5 6 7 8 9 11 12 13 15 16 18 20 22 23 25 27 | 27.0
Short Blades   | 1 3 4 5 6 7 8 9 11 12 13 15 16 18 20 22 23 25 27 | 27.0
Long Blades    | 1 3 4 5 6 7 8 9 11 12 13 15 16 18 20 22 23 25 27 | 27.0
Axes           | 1 3 4 5 6 7 8 9 11 12 13 15 16 18 20 22 23 25 27 | 27.0
Maces & Flails | 1 3 4 5 6 7 8 9 11 12 13 15 16 18 20 22 23 25 27 | 27.0
Polearms       | 1 3 4 5 6 7 8 9 11 12 13 15 16 18 20 22 23 25 27 | 27.0
Staves         | 1 3 4 5 6 7 8 9 11 12 13 15 16 18 20 22 23 25 27 | 27.0
Slings         | 1 3 4 5 6 7 8 9 11 12 13 15 16 18 20 22 23 25 27 | 27.0
Bows           | 1 3 4 5 6 7 8 9 11 12 13 15 16 18 20 22 23 25 27 | 27.0
Crossbows      | 1 3 4 5 6 7 8 9 11 12 13 15 16 18 20 22 23 25 27 | 27.0
Throwing       | 1 3 4 5 6 7 8 9 11 12 13 15 16 18 20 22 23 25 27 | 27.0
Armour         | 1 3 4 5 6 7 8 9 11 12 13 15 16 18 20 22 23 25 27 | 27.0
Shields        | 1 3 4 5 6 7 8 9 11 12 13 15 16 18 20 22 23 25 27 | 27.0
Unarmed Combat | 1 3 4 5 6 7 8 9 11 12 13 15 16 18 20 22 23 25 27 | 27.0
Evocations     | 1 3 4 5 6 7 8 9 11 12 13 15 16 18 20 22 23 25 27 | 27.0
Dodging        | 5 6 7 8 9 10 11 13 14 15 17 19 20 22 24 25 27 | 27.0
Hexes          | 1 2 3 4 5 7 8 9 10 11 13 14 16 17 19 20 22 24 27 | 27.0
Summonings     | 1 2 3 4 5 7 8 9 10 11 13 14 16 17 19 20 22 24 27 | 27.0
Necromancy     | 1 2 3 4 5 7 8 9 10 11 13 14 16 17 19 20 22 24 27 | 27.0
Translocations | 1 2 3 4 5 7 8 9 10 11 13 14 16 17 19 20 22 24 27 | 27.0
Transmutations | 1 2 3 4 5 7 8 9 10 11 13 14 16 17 19 20 22 24 27 | 27.0
Fire Magic     | 1 2 3 4 5 7 8 9 10 11 13 14 16 17 19 20 22 24 27 | 27.0
Ice Magic      | 1 2 3 4 5 7 8 9 10 11 13 14 16 17 19 20 22 24 27 | 27.0
Air Magic      | 1 2 3 4 5 7 8 9 10 11 13 14 16 17 19 20 22 24 27 | 27.0
Earth Magic    | 1 2 3 4 5 7 8 9 10 11 13 14 16 17 19 20 22 24 27 | 27.0
Poison Magic   | 1 2 3 4 5 7 8 9 10 11 13 14 16 17 19 20 22 24 27 | 27.0
Stealth        | 5 6 7 8 9 10 11 12 14 15 17 18 20 22 24 25 27 | 27.0
Conjurations   | 8 9 10 11 12 13 14 15 17 18 20 21 22 24 27 | 27.0

Action                   |  1- 3 |  4- 6 |  7- 9 | 10-12 | 13-15 | 16-18 | 19-21 | 22-24 || total
-------------------------+-------+-------+-------+-------+-------+-------+-------+-------++-------
Melee: Unarmed           |    25 |       |       |    50 |   113 |   117 |   149 |   495 ||   949
       Bite              |     2 |       |       |     7 |    12 |     9 |    25 |    50 ||   105
       Punch             |       |       |       |     3 |     4 |       |       |       ||     7
 Cast: Magic Dart        |    16 |       |     1 |       |       |       |       |       ||    17
       Searing Ray       |     1 |     1 |    13 |    28 |     2 |       |       |       ||    45
       Borgnjor's Vile C |       |       |     1 |    36 |    60 |    24 |     3 |       ||   124
       Statue Form       |       |       |       |     5 |    17 |    18 |    13 |     8 ||    61
       Freezing Cloud    |       |       |       |       |     4 |       |       |       ||     4
       Ozocubu's Refrige |       |       |       |       |    19 |    37 |     8 |       ||    64
       Dispel Undead     |       |       |       |       |     4 |     5 |     3 |       ||    12
       Ignition          |       |       |       |       |       |    38 |    48 |    28 ||   114
       Absolute Zero     |       |       |       |       |       |       |    10 |    16 ||    26
       Borgnjor's Revivi |       |       |       |       |       |       |     1 |       ||     1
       Irradiate         |       |       |       |       |       |       |     1 |       ||     1
Invok: Forget Spell      |       |       |       |     1 |       |       |       |       ||     1
       Channel Magic     |       |       |       |     1 |     3 |     7 |     6 |     2 ||    19
       Divine Exegesis   |       |       |       |       |       |       |     1 |       ||     1
  Use: Potion            |     3 |       |     1 |     1 |     5 |     1 |       |     8 ||    19
       Scroll            |       |       |     1 |       |       |       |       |       ||     1
Armor: Robe              |     1 |       |     2 |     6 |     3 |       |       |       ||    12
       Skin              |       |       |       |    12 |    83 |    57 |    47 |    28 ||   227
       Chain mail        |       |       |       |       |     3 |       |     5 |    56 ||    64
Dodge: Dodged            |    21 |     1 |    26 |    69 |   188 |   108 |    91 |    84 ||   588
Block: Other             |       |       |       |     4 |    40 |       |       |       ||    44
       Reflection        |       |       |       |       |     2 |     2 |     4 |     6 ||    14
       Tower shield      |       |       |       |       |     5 |   241 |   192 |   359 ||   797

Table legend: (Time is in decaauts) A = Elapsed time spent in this place. B = Non-inter-level travel time spent in this place. C = Inter-level travel time spent in this place. D = Time resting spent in this place. E = Time spent auto-exploring this place. F = Levels seen in this place. G = Mean time per level. A B C D E F G +--------+--------+--------+--------+--------+-----+--------+ Total | 20125 | 17300 | 2825 | 7348 | 6312 | 1 | 20125.0 | Dungeon | 20125 | 17300 | 2825 | 7348 | 6312 | 1 | 20125.0 | +--------+--------+--------+--------+--------+-----+--------+

Top non-repeatable levels by time:
       D: 20125 daAuts
